 Dungeon Crawl Stone Soup version 0.17-a0-1105-gbe8b664 (webtiles) character file.

7335 l0ser140 the Covert (level 11, -11/61 HPs)
             Began as an Octopode Fire Elementalist on May 22, 2015.
             Was a Priest of Vehumet.
             Mangled by a white ugly thing (28 damage)
             ... on level 10 of the Dungeon.
             The game lasted 01:00:08 (16541 turns).

l0ser140 the Covert (Octopode Fire Elementalist)   Turns: 16541, Time: 01:00:08

Health: -11/61     AC:  1    Str:  7    XL:     11   Next: 13%
Magic:  15/26      EV: 17    Int: 21    God:    Vehumet [***...]
Gold:   482        SH:  0    Dex: 13    Spells: 6 memorised, 2 levels left

rFire  . . .     SeeInvis .     (no weapon)
rCold  . . .     Clarity  .     (no shield)
rNeg   . . .     SustAb   .     (helmet restricted)
rPois  .         Gourm    +     I - amulet of the gourmand
rElec  .         Spirit   .     l - ring of magical power
rCorr  .         Warding  .     (no ring)
rMut   .         Stasis   .     (no ring)
MR     .....                    (no ring)
Stlth  ++++++....               (no ring)
                                (no ring)
                                (no ring)
                                (no ring)

@: not resistant to hostile enchantments, very stealthy
A: almost no armour, amphibious, 8 rings, constrict 8, camouflage 1, gelatinous
body 1
a: Renounce Religion


You were on level 10 of the Dungeon.
You worshipped Vehumet.
Vehumet was most pleased with you.
You were full.

You visited 2 branches of the dungeon, and saw 11 of its levels.
You also visited: Ossuary.

You collected 482 gold pieces.

Inventory:

Hand weapons
 G - a +0 blowgun {@w1}
Missiles
 H - 25 poisoned needles
Jewellery
 e - a cursed -2 ring of evasion {unknown}
   (You found it on level 8 of the Dungeon)
 l - a ring of magical power (left tentacle)
   (You found it on level 2 of the Dungeon)
 I - an amulet of the gourmand (around mantle)
   (You found it on level 4 of the Dungeon)
Magical devices
 m - a wand of enslavement (0)
 z - a wand of magic darts (30)
 E - a wand of frost (15)
Scrolls
 g - a scroll of enchant armour
 i - 2 scrolls of fog {unknown}
 k - 3 scrolls of teleportation {unknown}
 n - 3 scrolls of recharging {unknown}
 o - 2 scrolls of magic mapping
 p - 3 scrolls of remove curse
 r - a scroll of fear {unknown}
 s - a scroll of amnesia {unknown}
 v - a scroll of enchant weapon {unknown}
Potions
 c - a potion of resistance {unknown}
 d - 3 potions of might
 f - 2 potions of heal wounds
 h - 2 potions of lignification {unknown}
 j - a potion of cancellation {unknown}
 q - 3 potions of brilliance {unknown}
 t - 3 potions of haste {unknown}
 w - a potion of invisibility {unknown}
 x - a potion of berserk rage {unknown}
 B - 2 potions of flight
 C - 2 potions of agility {unknown}
 D - 3 potions of poison {unknown}
 F - a potion of magic {unknown}
 L - a potion of curing
Books
 a - a book of Flames

   Spells                             Type                      Level
   a - Flame Tongue                   Conjuration/Fire             1
   b - Throw Flame                    Conjuration/Fire             2
   c - Conjure Flame                  Conjuration/Fire             3
   d - Inner Flame                    Hexes/Fire                   3
   e - Sticky Flame                   Conjuration/Fire             4
   f - Fireball                       Conjuration/Fire             5
 y - a book of Maledictions

   Spells                             Type                      Level
   a - Corona                         Hexes                        1
   b - Ensorcelled Hibernation        Hexes/Ice                    2
   c - Confuse                        Hexes                        3
   d - Tukima's Dance                 Hexes                        3
   e - Dazzling Spray                 Conjuration/Hexes            3
Comestibles
 b - 5 bread rations
 u - 3 slices of pizza
 A - 7 royal jellies
 J - 2 beef jerkies
 K - a meat ration


   Skills:
 - Level 9.6 Dodging
 - Level 11.2 Stealth
 * Level 4.0 Spellcasting
 - Level 9.5 Conjurations
 - Level 6.4 Fire Magic


You had 2 spell levels left.
You knew the following spells:

 Your Spells              Type           Power        Failure   Level  Hunger
a - Flame Tongue          Conj/Fire      #####        1%          1    None
d - Sting                 Conj/Pois      ###.         1%          1    None
f - Fireball              Conj/Fire      #####.....   4%          5    ######.
q - Conjure Flame         Conj/Fire      #####...     1%          3    ###....
s - Throw Flame           Conj/Fire      #####.       1%          2    #......
w - Sticky Flame          Conj/Fire      #####...     1%          4    ####...


Dungeon Overview and Level Annotations

Branches:
Dungeon (10/15)            Temple (1/1) D:5            Lair (0/8) D:9
    Orc: D:9-12

Altars:
Ashenzari
Cheibriados
Dithmenos
Elyvilon
Fedhas
Gozag
Kikubaaqudgha
Makhleb
Nemelex Xobeh
Okawaru
Qazlal
Ru
Sif Muna
Trog
Vehumet
Xom
Yredelemnul
Zin
The Shining One

Shops:
D:8 }

Annotations:
D:4 Grinder


Innate Abilities, Weirdness & Mutations

You cannot wear most types of armour.
You are amphibious.
You can wear up to eight rings at the same time.
You can use your tentacles to constrict eight enemies at once.
Your skin changes colour to match your surroundings (Stealth).
Your rubbery body absorbs attacks (AC +1).


Message History

Vehumet accepts your kill.
You feel a bit more experienced.
Casting: Throw Flame
Confirm with . or Enter, or press ? or * to list all spells.
Aiming: Throw Flame
Press: ? - help, Shift-Dir - straight line, f - white ugly thing
Aim: a white ugly thing (moderately wounded, hasn't noticed you)
You hear a horrible gurgling sound!
Casting: Throw Flame
Confirm with . or Enter, or press ? or * to list all spells.
Aiming: Throw Flame
Press: ? - help, Shift-Dir - straight line, f/p - white ugly thing
Aim: a white ugly thing (steam, heavily wounded)
The puff of flame misses the white ugly thing.
The white ugly thing is engulfed in a cloud of scalding steam.
Casting: Throw Flame
Confirm with . or Enter, or press ? or * to list all spells.
Aiming: Flame Tongue
Press: ? - help, Shift-Dir - straight line, f/p - white ugly thing
Aim: a white ugly thing (steam, heavily wounded)
The flame tongue misses the white ugly thing.
The white ugly thing is engulfed in a cloud of scalding steam.
Casting: Flame Tongue
Confirm with . or Enter, or press ? or * to list all spells.
Aiming: Flame Tongue
Press: ? - help, Shift-Dir - straight line, f/p - white ugly thing
Aim: a white ugly thing (severely wounded)
The flame tongue misses the white ugly thing.
Casting: Flame Tongue
Confirm with . or Enter, or press ? or * to list all spells.
Aiming: Flame Tongue
Press: ? - help, Shift-Dir - straight line, f/p - white ugly thing
Aim: a white ugly thing (steam, severely wounded)
The flame tongue hits the white ugly thing.
The white ugly thing is severely wounded.
The white ugly thing is engulfed in a cloud of scalding steam.
Casting: Flame Tongue
Confirm with . or Enter, or press ? or * to list all spells.
Aiming: Sting
Press: ? - help, Shift-Dir - straight line, f/p - white ugly thing
Aim: a white ugly thing (severely wounded)
The sting misses the white ugly thing.
The white ugly thing gores you. The white ugly thing freezes you!!
Huge Dmg: -54%(-33hp) hp: 46%(28hp)
An electric eel comes into view.
Found a stone staircase leading down.
The white ugly thing gores you!
* * * LOW HITPOINT WARNING * * *
The white ugly thing freezes you!!
You die...

# #.# ########.#
≈≈≈≈≈≈≈≈.# ≈≈≈≈≈≈≈≈.# ##
≈≈≈≈≈≈≈≈.# ..
≈≈≈≈≈≈≈≈.##### .#
≈≈≈≈≈≈≈≈..)... .#
≈≈≈≈≈≈≈≈≈########.######
≈≈≈≈≈≈≈≈≈##....ux.&.....
≈≈≈≈≈≈≈≈≈##.##..#.######
......................>
≈≈≈≈≈≈≈≈≈##.##.#..#.##.
....................#
≈≈≈≈≈≈≈≈≈##.##.#..###
≈≈≈≈≈≈≈≈≈##+##.#....
≈≈≈≈≈≈&≈≈. #.......
≈≈≈&≈≈≈≈≈. ##...###


You could see a white ugly thing.

Vanquished Creatures
  A hill giant (D:9)
  A queen bee (D:8)
  A centaur simulacrum (D:10)
  3 humans (D:8 D:9)
  A basilisk (D:9)
  A wyvern (D:8)
  A wolf (D:10)
  A hungry ghost (D:10)
  Menkaure (D:4)
  A trapdoor spider simulacrum (D:10)
  2 porcupines (D:9)
  5 orc warriors (D:8 D:9 D:10)
  A sky beast (D:9)
  2 ogres (D:5 D:7)
  3 ice beasts (D:8 D:9 D:10)
  2 phantoms (D:3 D:9)
  4 crocodiles (D:9)
  4 centaurs (D:5 D:6 D:9)
  The ghost of Hanyuu the Insei, an average OpTm (D:3)
  3 giant frogs (D:7)
  2 gnoll sergeants (D:4 D:7)
  A wyvern skeleton (D:10)
  17 killer bees (D:8 D:10)
  A scorpion (D:7)
  3 electric eels (D:10)
  A giant frog zombie (D:8)
  6 hounds (D:4 D:6 D:8 D:9 D:10)
  5 orc priests (D:4 D:5 D:6 D:8 D:9)
  A crimson imp (D:9)
  2 centaur skeletons (D:7 D:9)
  A centaur zombie (Ossuary)
  A human zombie (Ossuary)
  Ijyb (D:3)
  4 jellies (D:6 D:7 D:8 D:9)
  A giant frog skeleton (D:9)
  10 orc wizards (D:4 D:5 D:6 D:8 D:9)
  Jessica (D:3)
  8 worker ants (D:5 D:6 D:9 D:8)
  9 sheep (D:9)
  5 mummies (Ossuary)
  A hound skeleton (D:6)
  13 gnolls (D:4 D:5 D:7)
  A river rat (D:9)
  12 adders (D:1 D:2 D:3 D:5 D:7)
  3 oozes (D:1 D:2 D:3)
  4 worms (D:2)
  An adder skeleton (D:6)
  5 giant geckos (D:2 D:5 D:7 D:9)
  38 orcs (D:4 D:5 D:8 D:9 D:10)
  A ball python (D:1)
  8 bats (D:1 D:2 D:3 D:4 D:5)
  A bat skeleton (D:8)
  3 giant cockroaches (D:3 D:7)
  2 gnoll zombies (Ossuary)
  16 goblins (D:1 D:2 D:3 D:5 D:6)
  19 hobgoblins (D:1 D:2 D:3 D:5 D:7)
  3 jackals (D:1)
  5 quokkas (D:5 D:7 D:10)
  A giant gecko skeleton (D:5)
  11 giant newts (D:1 D:2 D:3 D:4 D:5)
  2 hobgoblin zombies (Ossuary)
  19 kobolds (D:1 D:2 D:3 D:4 D:5)
  A kobold zombie (Ossuary)
  An orc zombie (Ossuary)
  A quokka zombie (D:6)
  9 rats (D:1 D:2 D:3 D:5 D:7)
300 creatures vanquished.

Vanquished Creatures (collateral kills)
  A crimson imp (D:7)
  A gnoll (D:7)
2 creatures vanquished.

Vanquished Creatures (others)
  3 fungi (D:9)
  5 plants (D:9)
8 creatures vanquished.

Grand Total: 310 creatures vanquished

Notes
Turn   | Place    | Note
--------------------------------------------------------------
     0 | D:1      | l0ser140 the Octopode Fire Elementalist began the quest for the Orb.
     0 | D:1      | Reached XP level 1. HP: 11/11 MP: 3/3
    11 | D:1      | Huge Dmg: 3 Dmg
   142 | D:1      | Reached skill level 2 in Conjurations
   142 | D:1      | Reached XP level 2. HP: 15/17 MP: 3/5
   168 | D:1      | Learned a level 2 spell: Throw Flame
   445 | D:1      | Huge Dmg: 5 Dmg
   544 | D:1      | Reached XP level 3. HP: 19/21 MP: 3/6
   648 | D:1      | Reached skill level 3 in Conjurations
   970 | D:2      | Found a shattered altar of Ashenzari.
  1079 | D:2      | Huge Dmg: 5 Dmg
  1513 | D:2      | Learned a level 3 spell: Conjure Flame
  1696 | D:2      | Reached XP level 4. HP: 27/27 MP: 7/7
  1949 | D:2      | Reached skill level 4 in Conjurations
  2157 | D:2      | Found a sparkling altar of Nemelex Xobeh.
  2718 | D:3      | Noticed Hanyuu's ghost (average OpTm)
  2821 | D:3      | Noticed Ijyb
  2828 | D:3      | Noticed a phantom
  2842 | D:3      | Killed Ijyb
  2842 | D:3      | Reached XP level 5. HP: 31/31 MP: 5/8
  3172 | D:3      | Reached skill level 5 in Conjurations
  3385 | D:3      | Noticed Jessica
  3393 | D:3      | Huge Dmg: 8 Dmg
  3419 | D:3      | Killed a phantom
  3419 | D:3      | Reached XP level 6. HP: 29/36 MP: 5/9
  3630 | D:3      | Killed Jessica
  3630 | D:3      | Reached skill level 6 in Conjurations
  3695 | D:3      | Huge Dmg: 8 Dmg
  3696 | D:3      | Killed Hanyuu's ghost
  4091 | D:4      | Found a white marble altar of Elyvilon.
  4091 | D:4      | Noticed Grinder
  4105 | D:4      | Noticed Menkaure
  4174 | D:4      | Found a sand-covered staircase.
  4184 | Ossuary  | Entered an ossuary
  4404 | Ossuary  | Reached skill level 7 in Conjurations
  4404 | Ossuary  | Reached XP level 7. HP: 30/41 MP: 9/10
  4487 | Ossuary  | Learned a level 4 spell: Sticky Flame
  4739 | D:4      | Huge Dmg: 9 Dmg
  5219 | D:4      | Huge Dmg: 9 Dmg
  5221 | D:4      | Huge Dmg: 6 Dmg
  5451 | D:4      | Found an opulent altar of Gozag.
  5452 | D:4      | Found a radiant altar of Vehumet.
  5495 | D:4      | Reached skill level 8 in Conjurations
  5531 | D:4      | Became a worshipper of Vehumet
  5644 | D:4      | Killed Menkaure
  5741 | D:5      | Entered Level 5 of the Dungeon
  5926 | D:5      | Reached XP level 8. HP: 46/46 MP: 11/11
  5997 | D:5      | Noticed an angel
  6003 | D:5      | Huge Dmg: 12 Dmg
  6111 | D:5      | Found a shimmering altar of Xom.
  6111 | D:5      | Found a glowing silver altar of Zin.
  6129 | D:5      | Found a staircase to the Ecumenical Temple.
  6132 | D:5      | Reached skill level 9 in Conjurations
  6216 | D:5      | Found a stormy altar of Qazlal.
  6226 | Temple   | Entered the Ecumenical Temple
  6536 | D:5      | Huge Dmg: 19 Dmg
  6779 | D:5      | Huge Dmg: 13 Dmg
  7013 | D:5      | Acquired Vehumet's first power
  7013 | D:5      | Offered knowledge of Sting by Vehumet.
  7016 | D:5      | Learned a level 1 spell: Sting
  7107 | D:5      | Reached skill level 3 in Stealth
  7361 | D:6      | Reached skill level 3 in Dodging
  7361 | D:6      | Reached skill level 4 in Stealth
  7774 | D:6      | Huge Dmg: 16 Dmg
  7785 | D:6      | Huge Dmg: 12 Dmg
  7838 | D:6      | Huge Dmg: 9 Dmg
  8054 | D:5      | Reached skill level 5 in Stealth
  8488 | D:7      | Noticed a manticore
  8493 | D:7      | Huge Dmg: 16 Dmg
  8494 | D:7      | Huge Dmg: 19 Dmg
  8496 | D:7      | Huge Dmg: 3 Dmg
  8497 | D:7      | Huge Dmg: 4 Dmg
  8499 | D:7      | Huge Dmg: 3 Dmg
  8525 | D:7      | Reached skill level 4 in Dodging
  8795 | D:7      | Reached skill level 6 in Stealth
  8975 | D:7      | Huge Dmg: 7 Dmg
  8979 | D:7      | Huge Dmg: 7 Dmg
  8980 | D:7      | Huge Dmg: 8 Dmg
  8984 | D:7      | Huge Dmg: 19 Dmg
  8985 | D:7      | Reached XP level 9. HP: 18/51 MP: 12/12
  9263 | D:7      | Reached skill level 5 in Dodging
  9263 | D:7      | Reached skill level 7 in Stealth
  9353 | D:7      | Found a deep blue altar of Sif Muna.
  9650 | D:7      | Huge Dmg: 9 Dmg
  9859 | D:8      | Offered knowledge of Sandblast by Vehumet.
  9922 | D:8      | Huge Dmg: 12 Dmg
  9925 | D:8      | Huge Dmg: 16 Dmg
  9926 | D:8      | Reached skill level 8 in Stealth
 10142 | D:8      | Found a snail-covered altar of Cheibriados.
 10342 | D:8      | Found a glowing golden altar of the Shining One.
 10440 | D:8      | Reached skill level 6 in Dodging
 10451 | D:8      | Huge Dmg: 16 Dmg
 10455 | D:8      | Huge Dmg: 9 Dmg
 10459 | D:8      | Found Hymelull's Gadget Boutique.
 10500 | D:9      | Huge Dmg: 2 Dmg
 10742 | D:9      | Huge Dmg: 16 Dmg
 10742 | D:9      | Reached skill level 9 in Stealth
 10889 | D:9      | Found a stormy altar of Qazlal.
 11156 | D:9      | Huge Dmg: 26 Dmg
 11219 | D:9      | Huge Dmg: 8 Dmg
 11253 | D:9      | Huge Dmg: 3 Dmg
 11674 | D:8      | Reached skill level 7 in Dodging
 11674 | D:8      | Reached skill level 10 in Stealth
 11817 | D:8      | Reached XP level 10. HP: 45/56 MP: 13/13
 12014 | D:8      | Huge Dmg: 9 Dmg
 12016 | D:8      | Huge Dmg: 16 Dmg
 12022 | D:8      | Huge Dmg: 5 Dmg
 12031 | D:8      | l0ser140: ёбаные пчелы
 12479 | D:8      | Reached skill level 11 in Stealth
 12688 | D:8      | Huge Dmg: 14 Dmg
 12878 | D:9      | Huge Dmg: 10 Dmg
 12881 | D:8      | Huge Dmg: 14 Dmg
 12888 | D:8      | Huge Dmg: 6 Dmg
 13287 | D:8      | Reached skill level 8 in Dodging
 13597 | D:9      | Offered knowledge of Ignite Poison by Vehumet.
 13803 | D:8      | Huge Dmg: 14 Dmg
 13804 | D:8      | Huge Dmg: 11 Dmg
 13806 | D:8      | Reached skill level 4 in Fire Magic
 13992 | D:9      | Found a staircase to the Lair.
 14021 | D:9      | Acquired Vehumet's second power
 14075 | D:9      | Huge Dmg: 16 Dmg
 14458 | D:9      | Noticed a hill giant
 14563 | D:9      | Reached skill level 5 in Fire Magic
 14627 | D:9      | Found a shattered altar of Ashenzari.
 14714 | D:9      | Killed a hill giant
 14714 | D:9      | Reached skill level 9 in Dodging
 14757 | D:9      | Huge Dmg: 33 Dmg
 14758 | D:9      | Huge Dmg: 20 Dmg
 15184 | D:9      | Reached skill level 6 in Fire Magic
 15204 | D:9      | Huge Dmg: 11 Dmg
 15526 | D:9      | Offered knowledge of Static Discharge by Vehumet.
 15795 | D:10     | Entered Level 10 of the Dungeon
 15800 | D:10     | Reached XP level 11. HP: 51/61 MP: 14/14
 15947 | D:10     | Huge Dmg: 13 Dmg
 16115 | D:10     | Reached skill level 3 in Spellcasting
 16140 | D:10     | Learned a level 5 spell: Fireball
 16154 | D:10     | Huge Dmg: 35 Dmg
 16507 | D:10     | Reached skill level 4 in Spellcasting
 16515 | D:10     | Noticed a white ugly thing
 16537 | D:10     | Huge Dmg: 33 Dmg
 16541 | D:10     | Mangled by a white ugly thing

Vault maps used:
D:1:      lightli_arrival_maybe_door_vault
D:2:      nicolae_ashenzari_panopticon, nemelex_deck
D:3:      first_bread, uniq_iyjb, uniq_jessica
D:4:      gammafunk_temple_overflow_forgotten,
          lightli_ossuary_entry_decrepit_ruins, hangedman_glass_garden,
          lightli_minifort, uniq_grinder, uniq_menkaure
D:5:      grunt_temple_overflow_order_and_chaos_1, temple_statues, basic_altar
D:7:      nicolae_overflow_crystal_walls
D:8:      cheibrodos_worm_habitat, nicolae_tso_carved_into_rock, serial_shops,
          shop, david_nohive_1
D:9:      nicolae_overflow_hidden_temple, minmay_lair_entry_grove, basic_altar,
          minmay_ruffians
D:10:     david_orc_4, serial_ice, serial_ice_m, serial_ice_n, serial_ice_a,
          serial_ice_j
Temple:   circular_temple_pool_8
Ossuary:  ossuary_crypta

Action                   |  1- 3 |  4- 6 |  7- 9 | 10-12 || total
-------------------------+-------+-------+-------+-------++-------
Melee: Unarmed           |    38 |    26 |    21 |    17 ||   102
 Cast: Flame Tongue      |    22 |    89 |   137 |    59 ||   307
       Throw Flame       |    12 |    38 |   145 |   106 ||   301
       Conjure Flame     |     1 |       |     2 |       ||     3
       Sting             |       |       |    65 |    45 ||   110
       Sticky Flame      |       |       |    22 |    34 ||    56
       Fireball          |       |       |       |     2 ||     2
Evoke: Wand              |       |       |     7 |     2 ||     9
  Use: Scroll            |       |     1 |    12 |       ||    13
       Potion            |       |       |     6 |     2 ||     8
 Stab: Sleeping          |     5 |     1 |     1 |       ||     7
       Distracted        |       |     1 |       |       ||     1
  Eat: Chunk             |     3 |    12 |    46 |    25 ||    86
       Pizza             |       |       |     1 |       ||     1
       Fruit             |       |       |       |     2 ||     2
       Beef jerky        |       |       |       |     1 ||     1

Vault maps used:
D:1:      lightli_arrival_maybe_door_vault
D:2:      nicolae_ashenzari_panopticon, nemelex_deck
D:3:      first_bread, uniq_iyjb, uniq_jessica
D:4:      gammafunk_temple_overflow_forgotten,
          lightli_ossuary_entry_decrepit_ruins, hangedman_glass_garden,
          lightli_minifort, uniq_grinder, uniq_menkaure
D:5:      grunt_temple_overflow_order_and_chaos_1, temple_statues, basic_altar
D:7:      nicolae_overflow_crystal_walls
D:8:      cheibrodos_worm_habitat, nicolae_tso_carved_into_rock, serial_shops,
          shop, david_nohive_1
D:9:      nicolae_overflow_hidden_temple, minmay_lair_entry_grove, basic_altar,
          minmay_ruffians
D:10:     david_orc_4, serial_ice, serial_ice_m, serial_ice_n, serial_ice_a,
          serial_ice_j
Temple:   circular_temple_pool_8
Ossuary:  ossuary_crypta
